AoeStats
← lahwy

Lombardia

508848763Analyzed
3v3 RM · 6d ago on Sep 24, 2026· 66m 58s· 6 players
Game mode
Random Map
Map size
Normal (6 player)
Population
200
Speed
Normal
Resources
Standard
Victory
Conquest
Starting age
Dark Age
Ending age
Imperial Age
RankedLock teamsTeams togetherTeam positionsShared explorationLock speedFull tech treeHidden civsTurbo modeCheats
Victory
Defeat
🇨🇿 Persians · Czechia
720
+12
🇨🇿 Armenians · Czechia
712
+12
🇨🇿 Franks · Czechia
654
+14
🇧🇪 Danes · Belgium
717
-17
🇧🇪 Japanese · Belgium
579
-11
🇧🇪 Malay · Belgium
559
-10
KonoTamarauDa
6:26 Loom
9:08 Feudal Age
7:27 Loom
11:01 Wheelbarrow
10:18 Town Watch
17:55 Castle Age
17:47 Scale Mail Armor
17:58 Forging
17:36 Arson
17:44 Horse Collar
19:23 Squires
19:17 Gambesons
19:40 Double-Bit Axe
20:57 Gold Mining
23:36 Town Patrol
24:12 Squires
24:50 Iron Casting
26:36 Chain Mail Armor
28:41 Ballistics
28:17 Murder Holes
28:53 Hand Cart
35:33 Imperial Age
33:04 Elite Skirmisher
33:49 Thumb Ring
35:49 Capped Ram
38:50 Conscription
40:03 Gold Shaft Mining
39:19 Stone Mining
41:30 Padded Archer Armor
41:20 Fletching
42:30 Blast Furnace
42:01 Plate Mail Armor
41:55 Ballistics
41:31 Murder Holes
42:22 Elite Jomsviking
47:20 Northmen's Fury
47:21 Hamask
Wolknysv2
10:13 Feudal Age
11:11 Gold Mining
12:47 Double-Bit Axe
13:44 Wheelbarrow
14:37 Man-at-Arms
18:19 Arson
20:20 Stone Mining
28:34 Castle Age
27:22 Forging
27:14 Scale Mail Armor
29:56 Gold Shaft Mining
29:18 Long Swordsman
29:26 Pikeman
29:55 Gambesons
30:12 Squires
30:50 Iron Casting
30:31 Chain Mail Armor
35:25 Bow Saw
35:47 Elite Skirmisher
37:23 Padded Archer Armor
37:13 Fletching
37:51 Ballistics
42:23 Imperial Age
41:20 Thumb Ring
45:21 Elite Samurai
46:30 Conscription
MR_CR33PS
9:02 Loom
11:33 Feudal Age
12:51 Double-Bit Axe
18:55 Wheelbarrow
19:15 Gold Mining
19:42 Forging
20:46 Horse Collar
21:16 Arson
23:07 Man-at-Arms
26:35 Castle Age
25:43 Stone Mining
26:07 Padded Archer Armor
28:16 Long Swordsman
29:08 Crossbowman
32:08 Fletching
32:47 Hand Cart
33:02 Squires
33:19 Town Watch
37:57 Imperial Age
36:09 Town Patrol
37:19 Caravan
37:50 Coinage
38:28 Pikeman
40:53 Halberdier
43:35 Arbalester
52:40 Elite Karambit Warrior
53:21 Thalassocracy
53:22 Forced Levy
Gepardie
5:43 Loom
10:34 Feudal Age
14:10 Double-Bit Axe
18:50 Castle Age
23:47 Fletching
25:42 Bodkin Arrow
29:35 Bow Saw
29:30 Gold Mining
29:32 Stone Mining
32:19 Ballistics
33:56 Wheelbarrow
34:26 Gold Shaft Mining
38:11 Imperial Age
36:00 Padded Archer Armor
35:44 Ordonnance Companies
38:55 Cranequins
38:56 Heavy Mounted Crossbowman
42:38 Chemistry
41:56 Leather Archer Armor
48:17 Town Watch
48:48 Hand Cart
53:52 Conscription
53:35 Chivalry
59:13 Hoardings
60:45 Siege Engineers
60:50 Masonry
60:36 Murder Holes
60:22 Treadmill Crane
62:35 Town Patrol
63:09 Architecture
62:53 Fortified Wall
LangyMeister
11:40 Feudal Age
14:07 Double-Bit Axe
15:00 Horse Collar
15:49 Gold Mining
20:26 Stone Mining
23:42 Castle Age
21:49 Loom
24:03 Fletching
24:14 Padded Archer Armor
24:15 Loom
25:06 Wheelbarrow
27:25 Stone Mining
27:45 Bow Saw
28:13 Gold Shaft Mining
29:25 Bodkin Arrow
29:46 Leather Archer Armor
34:58 Imperial Age
35:20 Caravan
35:51 Coinage
35:05 Elite Composite Bowman
40:42 Bracer
41:13 Ring Archer Armor
43:24 Banking
43:05 Guilds
46:01 Hand Cart
65:07 Spies/Treason
67:13 Cilician Fleet
67:14 Fereters
67:45 Hoardings
66:41 Sappers
67:32 Conscription
66:37 Pikeman
67:03 Gambesons
66:39 Man-at-Arms
67:04 Arson
66:42 Crossbowman
66:43 Elite Skirmisher
67:45 Sanctity
67:26 Devotion
67:51 Illumination
67:42 Block Printing
67:38 Fervor
67:28 Atonement
67:39 Redemption
67:43 Forging
67:33 Scale Mail Armor
67:39 Scale Barding Armor
lahwy
0:39 Loom
10:56 Feudal Age
11:26 Double-Bit Axe
12:38 Horse Collar
21:16 Castle Age
19:57 Fletching
20:13 Gold Mining
20:27 Stone Mining
21:49 Scale Barding Armor
22:09 Heavy Plow
22:24 Bow Saw
23:06 Bodkin Arrow
25:19 Parthian Tactics
26:26 Thumb Ring
26:52 Caravan
30:44 Ballistics
30:35 Masonry
30:51 Kamandaran
31:15 Chain Barding Armor
35:45 Imperial Age
33:53 Wheelbarrow
33:03 Town Watch
35:25 Gold Shaft Mining
35:26 Stone Shaft Mining
34:47 Heated Shot
35:33 Coinage
35:17 Forging
35:07 Scale Mail Armor
35:08 Padded Archer Armor
35:48 Hand Cart
36:00 Town Patrol
36:39 Crop Rotation
37:39 Two-Man Saw
36:57 Citadels
37:34 Iron Casting
38:20 Banking
38:01 Guilds
38:08 Chain Mail Armor
39:35 Chemistry
39:11 Leather Archer Armor
40:22 Blast Furnace
40:12 Elite War Elephant
41:54 Architecture
43:11 Plate Mail Armor
43:16 Plate Barding Armor
43:11 Ring Archer Armor
43:30 Husbandry
45:49 Bloodlines
45:00 Heavy Camel Rider
Connection lost

Rejoining the realm…

Still unreachable

The connection could not be restored.

Session expired

The server has moved on; the page needs a fresh start.